 Dungeon Crawl Stone Soup version 0.29.1-2-gbd0b4ee654 (webtiles) character file.

Game seed: 12671597030371536815

1400 xian the Chopper (level 8, -5/59 HPs)
             Began as a Demonspawn Gladiator on Oct 24, 2022.
             Slain by an ogre
             ... wielding a +0 giant spiked club
              (7 damage)
             ... on level 5 of the Dungeon.
             The game lasted 00:12:25 (5241 turns).

xian the Chopper (Demonspawn Gladiator)             Turns: 5241, Time: 00:12:26

Health: -5/59      AC: 14    Str: 16    XL:     8   Next: 41%
Magic:  8/8        EV:  5    Int: 11    God:
Gold:   261        SH:  3    Dex: 16    Spells: 7/7 levels left

rFire   . . .      SeeInvis .   p - +8 long sword "Otwyhor" {pain, Dex+2}
rCold   . . .      Faith    .   u - +0 buckler
rNeg    . . .      Spirit   .   h - +0 plate armour
rPois   .          Reflect  .   (helmet restricted)
rElec   .          Harm     .   (no cloak)
rCorr   .          Rampage  .   (no gloves)
Will    .....                   (no boots)
Stlth   ..........              (no amulet)
HPRegen 0.19/turn               (no ring)
MPRegen 0.11/turn               (no ring)

@: no status effects
A: horns 2, slimy green scales 2, powered by pain 2, spiny 1
a: no special abilities


You were on level 5 of the Dungeon.
You visited 1 branch of the dungeon, and saw 5 of its levels.

You collected 261 gold pieces.

Inventory:

Hand Weapons
 a - a +1 war axe
 p - the +8 long sword "Otwyhor" (weapon) {pain, Dex+2}
   (You found it on level 4 of the Dungeon)

   In the hands of one skilled in necromantic magic, it inflicts extra damage on
   living creatures.
   Dex:       It affects your dexterity (+2).
Missiles
 e - 6 silver boomerangs
 i - 5 poisoned darts
 q - a javelin (quivered)
Armour
 c - a +0 helmet
 h - a +0 plate armour (worn)
 u - a +0 buckler (worn)
Jewellery
 t - a ring of positive energy
Wands
 f - a wand of flame (32)
 m - a wand of digging (4)
 o - a wand of roots (27)
Scrolls
 d - a scroll of silence
 j - a scroll of enchant weapon
 k - 3 scrolls of teleportation
 n - a scroll of fear
Potions
 b - a potion of flight {unknown}
 g - a potion of haste {unknown}
 l - 2 potions of brilliance {unknown}
 r - 2 potions of heal wounds
 s - 4 potions of curing {unknown}


   Skills:
 + Level 3.6 Fighting
 * Level 4.6 Long Blades
 - Level 6.1 Axes
 + Level 2.7 Throwing
 + Level 4.1 Armour
 + Level 3.2 Dodging
 + Level 0.5 Stealth


You had 7 spell levels left.
You didn't know any spells.
Your spell library was empty.

Dungeon Overview and Level Annotations

Branches:
Dungeon (5/15)
 Temple: D:4-7

Altars:
Cheibriados
Qazlal
Trog

Shops:
D:1 ?


Innate Abilities, Weirdness & Mutations

You have a pair of horns on your head.
You are mostly covered in slimy green scales. (AC +3)
You sometimes gain power by taking damage.
You are partially covered in sharp spines.


Message History

The iguana hisses menacingly.
You barely miss the iguana. Your headbutt misses the iguana.
The iguana bites you but does no damage.
You closely miss the iguana. The iguana barely misses you.
You hit the iguana.
The iguana is lightly wounded.
The iguana is struck by your spines. The iguana bites you.
You slash the iguana!
You kill the iguana!
HP restored.
Found a buckler.
You see here a +0 buckler.
o - a wand of roots (27) (gained 9 charges)
You see here a +0 buckler.
u - a +0 buckler You start putting on your armour.
You continue putting on your +0 buckler. x4
You finish putting on your +0 buckler.
Found a stone staircase leading down.
Found a stone staircase leading up.
There is a stone staircase leading down here.
There is a stone staircase leading up here.
You now have 261 gold pieces (gained 10).
An ogre comes into view. It is wielding a +0 giant spiked club.
Found 6 gold pieces and a whip.
The ogre hits you with a +0 giant spiked club!!
You slash the ogre! You headbutt the ogre.
The ogre is heavily wounded.
The ogre hits you with a +0 giant spiked club!
* * * LOW HITPOINT WARNING * * *
You hit the ogre.
The ogre is heavily wounded.
The ogre hits you with a +0 giant spiked club!
* * * LOW HITPOINT WARNING * * *
You barely miss the ogre.
The ogre is heavily wounded.
You slash the ogre!
The ogre is severely wounded.
The ogre hits you with a +0 giant spiked club!
You die...

.##.# .##.# ##.## ....#
#..)# .#### #...#
†..###### #...#
........####...##### #
...#.##...........$##...
........................
#.#..##.........@O.#
#.#.## .####...#####
#.... #...# ###.## #..<#
#.# #.>.# #.# ##.##
#.#########.# #
#...........####
###..##.##.......#####


You could see an ogre.

Vanquished Creatures
  Menkaure (D:4)
  2 ogres
  Blork the orc (D:4)
  2 necrophages
  3 scorpions
  2 howler monkeys
  A jelly (D:4)
  5 hounds
  2 iguanas
  An orc wizard (D:3)
  21 gnolls
  8 adders
  A shadow imp (D:4)
  An ufetubus (D:5)
  2 worms (D:2)
  19 orcs
  4 bats
  3 endoplasms
  2 giant cockroaches
  8 hobgoblins
  21 jackals
  6 kobolds
  2 quokkas (D:3)
  15 ball pythons
  2 frilled lizards
  3 goblins
  8 rats
146 creatures vanquished.

Vanquished Creatures (others)
  A plant (D:3)
1 creature vanquished.

Grand Total: 147 creatures vanquished

Notes
Turn   | Place    | Note
-------+----------+-------------------------------------------
     0 | D:1      | xian the Demonspawn Gladiator began the quest for the Orb.
     0 | D:1      | Reached XP level 1. HP: 16/16 MP: 1/1
   192 | D:1      | Gained mutation: You are partially covered in slimy green
                  | scales. (AC +2) [demonic ancestry]
   192 | D:1      | Reached XP level 2. HP: 22/22 MP: 2/2
   200 | D:1      | Found Hicko's Magic Scroll Shop.
   208 | D:1      | Reached skill level 3 in Axes
   567 | D:1      | Gained mutation: You are mostly covered in slimy green
                  | scales. (AC +3) [demonic ancestry]
   567 | D:1      | Reached XP level 3. HP: 27/27 MP: 3/3
  1113 | D:2      | Gained mutation: You have a pair of small horns on your
                  | head. [demonic ancestry]
  1113 | D:2      | Reached XP level 4. HP: 24/33 MP: 4/4
  1117 | D:2      | Reached skill level 4 in Axes
  1549 | D:2      | Found a bloodstained altar of Trog.
  1720 | D:3      | Reached skill level 1 in Armour
  1918 | D:3      | Gained mutation: You sometimes gain a little power by
                  | taking damage. [demonic ancestry]
  1918 | D:3      | Reached XP level 5. HP: 38/39 MP: 5/5
  2404 | D:3      | Noticed an ogre
  2429 | D:3      | Reached skill level 5 in Axes
  2761 | D:4      | Gained mutation: You have a pair of horns on your head.
                  | [demonic ancestry]
  2761 | D:4      | Reached XP level 6. HP: 43/46 MP: 6/6
  2919 | D:4      | Noticed Blork the orc
  2925 | D:4      | Noticed Menkaure
  2929 | D:4      | Killed Blork the orc
  2934 | D:4      | Killed Menkaure
  3112 | D:4      | Gained mutation: You are partially covered in sharp spines.
                  | [demonic ancestry]
  3112 | D:4      | Reached XP level 7. HP: 48/52 MP: 7/7
  3170 | D:4      | Found a snail-covered altar of Cheibriados.
  3170 | D:4      | Found a stormy altar of Qazlal.
  3601 | D:4      | Reached skill level 6 in Axes
  3722 | D:4      | Identified the +8 long sword "Otwyhor" {pain, Dex+2}
  4113 | D:3      | Reached skill level 1 in Long Blades
  4359 | D:3      | Gained mutation: You sometimes gain power by taking damage.
                  | [demonic ancestry]
  4359 | D:3      | Reached XP level 8. HP: 58/58 MP: 8/8
  5010 | D:5      | Entered Level 5 of the Dungeon
  5239 | D:5      | HP: 1/59 [ogre/+0 giant spiked club (16)]
  5241 | D:5      | Slain by an ogre

Illustrated notes

Levels and vault maps discovered:
D:1:      dpeg_cavernosity, layout_rooms, serial_shops, shop
D:2:      layout_rooms, basic_altar, kennysheep_generic_room_4
D:3:      lemuel_castle_with_subvaults [lemuel_castle_interior_original],
          layout_basic, minmay_misc_feat_alley
D:4:      layout_cave_pods, chequers_temple_overflow_statue_of_worship,
          st_stairs_4, uniq_menkaure, uniq_blork_the_orc
D:5:      layout_loops_cross, lemuel_blue_sif_altar, st_stairs_3

Skill      XL: |  1  2  3  4  5  6  7  8 |
---------------+-------------------------+-----
Dodging        | 3 |  3.2
Axes           | 3 4 5 6 |  6.1
Armour         | 1 2 3 4 |  4.1
Throwing       | 2 |  2.7
Fighting       | 3 |  3.6
Long Blades    | 2 4 |  4.6
Stealth        | |  0.5

Action                   |  1- 3 |  4- 6 |  7- 9 || total
-------------------------+-------+-------+-------++-------
Melee: War axe           |    80 |   142 |    10 ||   232
       Headbutt          |       |    23 |    18 ||    41
       Punch             |       |     1 |     1 ||     2
       Long sword        |       |       |   100 ||   100
Throw: Dart              |     2 |    11 |     8 ||    21
       Boomerang         |       |     2 |       ||     2
       Javelin           |       |     1 |     1 ||     2
       Throwing net      |       |     2 |     1 ||     3
  Use: Scroll            |       |     4 |     3 ||     7
Armor: Leather armour    |    18 |       |       ||    18
       Plate armour      |    41 |   155 |    82 ||   278
Dodge: Dodged            |    59 |    57 |    43 ||   159
